2v2 down to the wire

Match 10189728
End
Selects Italian Combined Arms Battlegroup
Selects Bersaglieri Squad
Bersaglieri Squad
Kradschützen Motorcycle Team
Bersaglieri Squad
Bersaglieri Squad
Construct Light Support Kompanie
Construct Mechanized Kompanie
8 Rad Armored Car
8 Rad Armored Car
Selects Bersaglieri Bolster
Selects Breda Model 30 Light Machine Guns
Marder III Tank Destroyer
Grenade Package
Veteran Squad Leaders
Bersaglieri Squad
Construct Panzerarmee Kommand
Panzer III L Medium Tank
Bersaglieri Squad
Flak 36 Anti-tank Gun Team
Selects Semovente da 75/18 Assault Gun
Selects Strafing Run
Selects Artillery Cover
Artillery Cover
Artillery Cover
Panzer III L Medium Tank
Bersaglieri Squad
Artillery Cover
Panzer III L Medium Tank
Panzer III L Medium Tank
Panzer III L Medium Tank
Strafing Run
Panzer III L Medium Tank
Bersaglieri Squad
aSIISymbiosis
aSIIgmr
Aniketos
Theodosios
0
0

Comments sign in to comment!

aSIISpanky almost 2 years ago

Woah, Aniketos is playing again. Will have a look for sure.

aSIISymbiosis [U] almost 2 years ago

Pretty close 2v2 game. Feedback welcome!